 Dungeon Crawl Stone Soup version 0.21.1-1-g345015f (webtiles) character file.

39 suicidejoker the Sneak (level 3, -10/24 HPs)
             Began as an Octopode Assassin on Apr 13, 2018.
             Mangled by a worm (12 damage)
             ... on level 2 of the Dungeon.
             The game lasted 00:01:14 (817 turns).

suicidejoker the Sneak (Octopode Assassin)           Turns: 817, Time: 00:01:15

Health: -10/24     AC:  1    Str: 11    XL:     3   Next: 47%
Magic:  3/3        EV: 13    Int: 13    God:
Gold:   61         SH:  0    Dex: 13    Spells: 2/2 levels left

rFire    . . .     SeeInvis .   a - +2 dagger
rCold    . . .     Gourm    .   (no shield)
rNeg     . . .     Faith    .   (helmet restricted)
rPois    .         Spirit   .   (no amulet)
rElec    .         Reflect  .   (no ring)
rCorr    .         Harm     .   (no ring)
MR       .....                  (no ring)
Stlth    ++++......             (no ring)
HPRegen  0.08/turn              (no ring)
MPRegen  0.08/turn              (no ring)
                                (no ring)
                                (no ring)

@: no status effects
A: almost no armour, stealthy swim, amphibious, 8 rings, constrict 8, camouflage
1, gelatinous body 1
a: no special abilities


You were on level 2 of the Dungeon.
You were not hungry.

You visited 1 branch of the dungeon, and saw 2 of its levels.

You collected 61 gold pieces.

Inventory:

Hand Weapons
 a - a +2 dagger (weapon)
 b - a +0 blowgun
 k - a +0 club
Missiles
 c - 8 poisoned needles
 d - 2 curare-tipped needles
Scrolls
 e - a scroll of teleportation {unknown}
 h - 2 scrolls of enchant weapon {unknown}
 i - 2 scrolls of identify {unknown}
 j - a scroll of fear {unknown}
Comestibles
 f - 3 rations


   Skills:
 - Level 2.0 Fighting
 - Level 2.0 Short Blades
 - Level 2.0 Throwing
 - Level 1.0 Dodging
 + Level 7.1 Stealth


You had 2 spell levels left.
You didn't know any spells.

Dungeon Overview and Level Annotations

Branches:
Dungeon (2/15)

Altars:


Innate Abilities, Weirdness & Mutations

You cannot wear most types of armour.
You are very stealthy in the water. (Stealth+)
You are amphibious.
You can wear up to eight rings at the same time.
You can use your tentacles to constrict eight enemies at once.
Your skin changes colour to match your surroundings (Stealth+).
Your rubbery body absorbs attacks. (AC +1, EV +1)


Message History

You hit the worm.
The worm is moderately wounded.
You constrict the worm. The hobgoblin hits you with a club. The worm bites you!
* * * LOW HITPOINT WARNING * * *
A goblin comes into view. It is wielding a club.
You are too injured to fight recklessly!
You are too injured to fight recklessly!
You are too injured to fight recklessly!
You are too injured to fight recklessly!
You are too injured to fight recklessly!
It was a potion of cancellation.
You feel magically purged.
You constrict the worm. The kobold hits you.
* * * LOW HITPOINT WARNING * * *
The hobgoblin closely misses you.
It was a potion of magic.
Magic courses through your body.
You constrict the worm. The kobold misses you.
The hobgoblin hits you but does no damage.
The worm bites you!
Ouch! That really hurt!
You die...

#...........####.
##.<.............
#...........##
#...........#
##........?.#
#...........#
#..............
###...............
.......@h.........
###...Kwg$.....>..
##...h..........
#............(
#.##...hg.... #.
#........ #.
#......g.
.........


You could see a worm, 3 jackals, 2 hobgoblins, a goblin and a kobold.

Vanquished Creatures
  An adder (D:2)
  2 worms (D:2)
  A dart slug (D:1)
  2 leopard geckos
  3 bats
  A giant cockroach (D:1)
  A goblin (D:1)
  5 kobolds (D:1)
  3 frilled lizards
  4 rats (D:1)
23 creatures vanquished.

Notes
Turn   | Place    | Note
-------+----------+-------------------------------------------
     0 | D:1      | suicidejoker the Octopode Assassin began the quest for the Orb.
     0 | D:1      | Reached XP level 1. HP: 14/14 MP: 1/1
   185 | D:1      | Reached skill level 6 in Stealth
   185 | D:1      | Reached XP level 2. HP: 19/19 MP: 2/2
   694 | D:2      | Reached XP level 3. HP: 22/24 MP: 3/3
   701 | D:2      | Reached skill level 7 in Stealth
   817 | D:2      | Mangled by a worm

Skill      XL: |  1  2  3 |
---------------+----------+-----
Stealth        | 6 7 |  7.1
Fighting       | |  2.0
Short Blades   | |  2.0
Throwing       | |  2.0
Dodging        | |  1.0

Action                   || total
-------------------------++-------
Melee: Dagger            ||    31
       Constrict         ||     3
 Fire: Blowgun           ||     6
  Use: Potion            ||     2
 Stab: Sleeping          ||    16
Armor: Skin              ||     3
Dodge: Dodged            ||     8
